 Dungeon Crawl Stone Soup version 0.19.5 (webtiles) character file.

4 tidbits the Grave Robber (level 1, 0/11 HPs)
             Began as a High Elf Necromancer on Dec 12, 2017.
             Slain by a jackal (2 damage)
             ... on level 1 of the Dungeon.
             The game lasted 00:00:49 (122 turns).

tidbits the Grave Robber (High Elf Necromancer)      Turns: 122, Time: 00:00:49

Health: 0/11       AC:  2    Str:  7    XL:     1   Next: 58%
Magic:  0/4        EV: 13    Int: 18    God:
Gold:   0          SH:  0    Dex: 15    Spells: 1 memorised, 3 levels left

rFire  x . .     SeeInvis .     a - +0 whip
rCold  + . .     Gourm    .     d - +0 robe
rNeg   . . .     Faith    .     (no shield)
rPois  .         Spirit   .     (no helmet)
rElec  .         Reflect  .     (no cloak)
rCorr  .         Harm     .     (no gloves)
MR     .....                    (no boots)
Stlth  ++........               f - amulet of rage
                                (no ring)
                                e - ring of ice

@: very slightly contaminated
A: no striking features
a: Evoke Berserk Rage


You were on level 1 of the Dungeon.
You were not hungry.

You visited 1 branch of the dungeon, and saw 1 of its levels.

Inventory:

Hand Weapons
 a - a +0 whip (weapon)
   (You took it off a kobold on level 1 of the Dungeon)
Armour
 d - a +0 robe (worn)
Jewellery
 e - a ring of ice (left hand)
   (You found it on level 1 of the Dungeon)
 f - an amulet of rage (around neck)
   (You found it on level 1 of the Dungeon)
Books
 b - a book of Necromancy

   Spells                             Type                      Level
   a - Pain                           Necromancy                   1
   b - Animate Skeleton               Necromancy                   1
   c - Vampiric Draining              Necromancy                   3
   d - Regeneration                   Charms/Necromancy            3
   e - Animate Dead                   Necromancy                   4
   f - Control Undead                 Necromancy                   4
Comestibles
 c - a bread ration


   Skills:
 + Level 2.4 Dodging
 + Level 2.3 Stealth
 + Level 2.4 Spellcasting
 + Level 3.3 Necromancy


You had 3 spell levels left.
You knew the following spells:

 Your Spells              Type           Power        Failure   Level  Hunger
a - Pain                  Necr           ##..         6%          1    #......


Dungeon Overview and Level Annotations

Branches:
Dungeon (1/15)

Altars:


Message History

You swing at nothing.
You swing at nothing.
You swing at nothing.
You swing at nothing.
You swing at nothing.
You swing at nothing.
You swing at nothing.
You swing at nothing.
You swing at nothing.
You swing at nothing.
You swing at nothing.
You swing at nothing.
You swing at nothing.
You swing at nothing.
You swing at nothing.
You swing at nothing.
You swing at nothing.
You swing at nothing.
You swing at nothing.
You swing at nothing.
You swing at nothing.
You swing at nothing.
You swing at nothing.
You swing at nothing.
You swing at nothing.
You swing at nothing.
You swing at nothing.
You swing at nothing.
Wield which item (- for none, * to show all)? (? for menu, Esc to quit)
a - a +0 whip (weapon)
Unknown command.
Found a blackened coral ring and a leather armour.
Found a dented amethyst amulet.
A kobold comes into view. It is wielding a club.
The kobold shouts!
Found a spear.
Casting: Pain
Confirm with . or Enter, or press ? or * to list all spells.
Aiming: Pain
Press: ? - help, Shift-Dir - straight line, f - kobold
Aim: a kobold, wielding a club (chance to defeat MR: 83%)
The kobold writhes in agony!
You kill the kobold!
A jackal comes into view.
The jackal barks!
You see here a blackened coral ring.
Casting: Pain
Confirm with . or Enter, or press ? or * to list all spells.
Aiming: Pain
Press: ? - help, Shift-Dir - straight line, f - jackal
Aim: a jackal (chance to defeat MR: 85%)
The jackal writhes in agony!
Casting: Pain
Confirm with . or Enter, or press ? or * to list all spells.
Aiming: Pain
Press: ? - help, Shift-Dir - straight line, f/p - jackal
Aim: a jackal (almost dead, chance to defeat MR: 85%)
The jackal writhes in agony!
You kill the jackal!
e - a blackened coral ring Put on which piece of jewellery? (? for menu, Esc to quit)
You feel more attuned to ice.
e - a ring of ice (left hand)
f - a dented amethyst amulet A jackal comes into view.
Put on which piece of jewellery? (? for menu, Esc to quit)
f - an amulet of rage (around neck)
Casting: Pain
Confirm with . or Enter, or press ? or * to list all spells.
Aiming: Pain
Press: ? - help, Shift-Dir - straight line, f - jackal
Aim: a jackal (chance to defeat MR: 85%)
You miscast Pain.
You are very lightly contaminated with residual magic.
Nothing appears to happen.
Casting: Pain
Confirm with . or Enter, or press ? or * to list all spells.
Aiming: Pain
Press: ? - help, Shift-Dir - straight line, f/p - jackal
Aim: a jackal (chance to defeat MR: 85%)
The jackal writhes in agony!
The jackal barely misses you.
A jackal comes into view.
You see here a leather armour.
Okay, then.
The jackal bites you.
* * * LOW HITPOINT WARNING * * *
The jackal misses you.
The jackal bites you but does no damage.
You fail to use your ability.
The jackal bites you but does no damage.
You fail to use your ability.
The jackal barely misses you.
You fail to use your ability.
The jackal barely misses you. x2
Casting: Pain
Confirm with . or Enter, or press ? or * to list all spells.
Aiming: Pain
Press: ? - help, Shift-Dir - straight line, f/p - jackal
Aim: a jackal (moderately wounded, chance to defeat MR: 85%)
The jackal barely resists.
The jackal bites you.
You die...

........#######
..............##.
##.......[).....
#...............#
#.######........#
#.#.$.g#........#
#.#!..g#.....#
#.#....#..#..#
#.#. #.###@#
#.######.# #h####
#<.......# #..).#
########## #....#
..
###....####....
#.....[........
#.......###h##
#.......#
#.......#


You could see a jackal.

Vanquished Creatures
  A jackal (D:1)
  2 kobolds (D:1)
  A frilled lizard (D:1)
4 creatures vanquished.

Notes
Turn   | Place    | Note
-------+----------+-------------------------------------------
     0 | D:1      | tidbits the High Elf Necromancer began the quest for the Orb.
     0 | D:1      | Reached XP level 1. HP: 11/11 MP: 4/4
   122 | D:1      | Slain by a jackal

Action                   || total
-------------------------++-------
 Cast: Pain              ||    10
Armor: Robe              ||     2
Dodge: Dodged            ||     5

Table legend:
 A = Turns spent in this place as a percentage of turns spent in the entire game.
 B = Non-inter-level travel turns spent in this place as a percentage of non-inter-level travel turns spent in the entire game.
 C = Inter-level travel turns spent in this place as a percentage of turns spent in this place.
 D = Turns resting spent in this place as a percentage of non-inter-level travel turns spent in this place.
 E = Turns spent auto-exploring this place as a percentage of non-inter-level travel turns spent in this place.
 F = Non-inter-level travel turns spent in this place divided by the number of levels of this place that you've seen.
                   A       B       C       D       E      F
               +-------+-------+-------+-------+-------+----------------------
         Total | 100.0 | 100.0 |   0.0 |   0.0 |   0.0 | 124.0
       Dungeon | 100.0 | 100.0 |   0.0 |   0.0 |   0.0 | 124.0
               +-------+-------+-------+-------+-------+----------------------

Table legend:
 A = Kills in this place as a percentage of kills in entire the game.
 B = Kills by you in this place as a percentage of kills by you in the entire game.
 C = Kills by friends in this place as a percentage of kills by friends in the entire game.
 D = Other kills in this place as a percentage of other kills in the entire game.
 E = Experience gained in this place as a percentage of experience gained in the entire game.
 F = Experience gained in this place divided by the number of levels of this place that you have seen.
                   A       B       C       D       E      F
               +-------+-------+-------+-------+-------+----------------------
         Total | 100.0 | 100.0 |  -nan |  -nan | 100.0 |   7.0
       Dungeon | 100.0 | 100.0 |  -nan |  -nan | 100.0 |   7.0
               +-------+-------+-------+-------+-------+----------------------

Vault maps used:
D:1:      evilmike_arrival_come_back, minivault_24
